 Dungeon Crawl Stone Soup version 0.28.0-47-ge53b351184 (webtiles) character file.

Game seed: 17813809703204726522

362 Bruhh the Magician (level 6, -7/40 HPs)
             Began as a Djinni Fire Elementalist on Apr 28, 2022.
             Shot with an arrow by a centaur (15 damage)
             ... on level 5 of the Dungeon.
             The game lasted 00:02:47 (4079 turns).

Bruhh the Magician (Djinni Fire Elementalist)       Turns: 4079, Time: 00:02:47

Health: -7/40      AC:  2    Str:  7    XL:     6   Next: 99%
Gold:   157        EV: 12    Int: 19    God:
                   SH:  0    Dex: 13

rFire   + + .      SeeInvis .   (no weapon)
rCold   x . .      Faith    .   (no shield)
rNeg    . . .      Spirit   .   a - +0 robe
rPois   ∞          Reflect  .   (no helmet)
rElec   .          Harm     .   (no cloak)
rCorr   .          Rampage  .   (no gloves)
Will    .....                   (boots unavailable)
Stlth   ++........              (no amulet)
HPRegen 0.13/turn               (no ring)
MPRegen 0.00/turn               (no ring)

@: flying
A: sickness immunity, fire resistance 2, cold vulnerability 1, float, innate
caster, HP casting, extra vitality 1
a: no special abilities


You were on level 5 of the Dungeon.
You visited 1 branch of the dungeon, and saw 5 of its levels.

You collected 157 gold pieces.

Inventory:

Armour
 a - a +0 robe (worn)
Jewellery
 h - a ring of positive energy
 k - a ring of protection from cold
Scrolls
 b - 2 scrolls of enchant armour {unknown}
 c - a scroll of magic mapping {unknown}
 d - a scroll of identify {unknown}
 f - a scroll of teleportation {unknown}
 j - a scroll of fear {unknown}
 l - a scroll of noise {unknown}
Potions
 e - a potion of haste {unknown}
 g - 5 potions of curing {unknown}
 i - a potion of brilliance {unknown}


   Skills:
 - Level 2.1 Dodging
 - Level 1.5 Stealth
 + Level 5.6 Spellcasting


You couldn't memorise any spells.
You knew the following spells:

 Your Spells              Type           Power      Damage    Failure   Level
a - Foxfire               Conj/Fire      100%       2x1d9     1%          1
b - Scorch                Fire           52%        2d7       1%          2
c - Conjure Flame         Conj/Fire      26%        6-21      3%          3
d - Inner Flame           Hex/Fire       26%        N/A       3%          3
e - Flame Wave            Conj/Fire      26%        2d7       12%         4
f - Animate Skeleton      Necr           52%        N/A       1%          1
g - Blink                 Tloc           52%        N/A       1%          2
Your spell library was empty.

Dungeon Overview and Level Annotations

Branches:
Dungeon (5/15)
 Temple: D:4-7

Altars:
Okawaru
Xom


Innate Abilities, Weirdness & Mutations

You are immune to sickness and miasma.
You are immune to poison.
Your flesh is very heat resistant. (rF++)
You are vulnerable to cold. (rC-)
You float through the air rather than walking.
You learn spells naturally, not from books.
Your magical power is your life essence.
You have superior vitality. (+4 MHP)


Message History

a +0 club; a +0 leather armour
g - 5 dark potions (gained 2)
Things that are here:
a +0 club; a +0 leather armour An iguana comes into view.
An iguana is nearby!
An iguana is nearby!
An iguana is nearby!
An iguana is nearby!
An iguana is nearby!
An iguana is nearby!
An iguana is nearby!
You can't see any susceptible monsters within range! (Use Z to cast anyway.)
The iguana hisses angrily.
Flames lash the iguana.
The iguana is heavily wounded.
The iguana's fire resistance burns away.
Flames lash the iguana.
The iguana is burned terribly!
You kill the iguana!
You can't see any susceptible monsters within range! (Use Z to cast anyway.)
You can't see any susceptible monsters within range! (Use Z to cast anyway.)
You can't see any susceptible monsters within range! (Use Z to cast anyway.)
Found a stone staircase leading up.
There is a stone staircase leading up here.
A centaur comes into view.
The centaur shouts!
The centaur wields a +0 shortbow.
The centaur shoots an arrow.
The arrow hits you!
A centaur is nearby!
A centaur is nearby!
A centaur is nearby!
The centaur shoots an arrow.
The arrow hits you!
The centaur shoots an arrow.
The arrow hits you!
* * * LOW HITPOINT WARNING * * *
You are too injured to fight recklessly!
You are too injured to fight recklessly!
You are too injured to fight recklessly!
You are too injured to fight recklessly!
The centaur shoots an arrow.
The arrow hits you!
You die...

#.# #.# .# #.# #..
#.# ..# ########.##
#.##
#........##.####.##
#.#########........
###.#########......##
#...@......##..##..##
#.#.######.##..##..##
#.#.# #.##..##....
##.#.# #....##.###
#..c.# #<.......
#..### #####...# #.c#
###.# #..# #.# #....
#.#


You could see a centaur.

Vanquished Creatures
  A water moccasin (D:5)
  A necrophage (D:4)
  An iguana (D:5)
  A scorpion zombie (D:5)
  A howler monkey zombie (D:5)
  A howler monkey skeleton (D:4)
  4 adders
  A shadow imp (D:4)
  An adder skeleton (D:4)
  A worm (D:4)
  6 dart slugs
  3 orcs
  2 giant cockroaches
  4 goblins
  4 hobgoblins
  5 kobolds
  3 quokkas
  2 ball pythons
  A frilled lizard (D:2)
  2 rats (D:2)
45 creatures vanquished.

Vanquished Creatures (others)
  25 foxfires
25 creatures vanquished.

Grand Total: 70 creatures vanquished

Notes
Turn   | Place    | Note
-------+----------+-------------------------------------------
     0 | D:1      | Bruhh the Djinni Fire Elementalist began the quest for the
                  | Orb.
     0 | D:1      | Reached XP level 1. HP: 15/15 MP: 0/0
   168 | D:1      | You are sucked into a shaft and drop 1 floor!
   170 | D:2      | Found a faded altar of an unknown god.
   350 | D:2      | Reached XP level 2. HP: 16/21 MP: 0/0
   666 | D:2      | Reached skill level 3 in Spellcasting
   666 | D:2      | Reached XP level 3. HP: 22/25 MP: 0/0
   666 | D:2      | Learned a level 1 spell: Animate Skeleton
  1520 | D:3      | Reached XP level 4. HP: 12/31 MP: 0/0
  1861 | D:3      | Found a shimmering altar of Xom.
  1864 | D:3      | Found a shimmering altar of Xom.
  2747 | D:4      | Reached skill level 4 in Spellcasting
  2828 | D:4      | Reached XP level 5. HP: 24/35 MP: 0/0
  2828 | D:4      | Learned a level 2 spell: Blink
  2950 | D:4      | Noticed a necrophage
  2956 | D:4      | Killed a necrophage
  2957 | D:4      | Reached XP level 6. HP: 16/40 MP: 0/0
  3600 | D:5      | Entered Level 5 of the Dungeon
  3603 | D:5      | Noticed a water moccasin
  3607 | D:5      | Killed a water moccasin
  3608 | D:5      | Reached skill level 5 in Spellcasting
  3874 | D:5      | Found an iron altar of Okawaru.
  4079 | D:5      | Shot with an arrow by a centaur

Illustrated notes

Levels and vault maps discovered:
D:1:      heliophobic_arrival_enchanted_forest, layout_loops_corners,
          due_unseen_surprise
D:2:      layout_loops_cross, dreamdust_ecumenical_altar_statues, minivault_11,
          minmay_misc_feat_tower, kennysheep_boxes
D:3:      layout_basic, xom_redecorated, minmay_misc_feat_nine_boxes,
          minivault_5, minmay_cupped
D:4:      minmay_chambers_of_twos, layout_basic
D:5:      layout_loops_ring, mainiacjoe_overflow_paths

Skill      XL: |  1  2  3  4  5  6 |
---------------+-------------------+-----
Spellcasting   | 3 4 5 |  5.6
Dodging        | |  2.1
Stealth        | |  1.5

Action                   |  1- 3 |  4- 6 || total
-------------------------+-------+-------++-------
Melee: Unarmed           |       |     1 ||     1
 Cast: Foxfire           |    14 |       ||    14
       Scorch            |    23 |    42 ||    65
Armor: Robe              |       |     2 ||     2
Dodge: Dodged            |     3 |     3 ||     6
